 Dungeon Crawl Stone Soup version 0.30-a0-1123-gabc949cf19 (webtiles) character file.

Game seed: 23678978863443558

351 voltaire321 the Conjurer (level 6, 0/31 HPs)
             Began as a Deep Elf Conjurer on Apr 22, 2023.
             Asphyxiated
             ... in a sewer.
             The game lasted 00:07:48 (3180 turns).

voltaire321 the Conjurer (Deep Elf Conjurer)        Turns: 3180, Time: 00:07:48

Health: 0/31       AC:  6    Str:  6    XL:     6   Next: 34%
Magic:  13/15      EV: 12    Int: 23    God:
Gold:   45         SH:  0    Dex: 13    Spells: 11/14 levels left

rFire   . . .        m - +0 short sword (venom)
rCold   . . .        (no shield)
rNeg    . . .        g - +1 ring mail {Will+}
rPois   .            (no helmet)
rElec   .            (no cloak)
rCorr   .            (no gloves)
SInv    .            (no boots)
Will    +....        (no amulet)
Stlth   +            (no ring)
HPRegen 0.25/turn    (no ring)
MPRegen 0.14/turn

%: no passive effects
@: lethally poisoned (0 -> -14), slowed, very slow
A: frail 1, sense surroundings 1, sturdy frame 1
a: no special abilities


You were in a sewer.
You visited 1 branch of the dungeon, and saw 3 of its levels.
You also visited: Sewer.

You collected 45 gold pieces.

Inventory:

Hand Weapons
 m - a +0 short sword of venom (weapon)
Missiles
 i - a curare-tipped dart
Armour
 g - a +1 ring mail of willpower (worn)
Scrolls
 a - 2 scrolls of teleportation {unknown}
 c - 2 scrolls of poison {unknown}
 e - a scroll of brand weapon {unknown}
 f - 6 scrolls of identify {unknown}
 j - a scroll of noise {unknown}
 n - a scroll of enchant weapon {unknown}
Potions
 b - a potion of magic
 d - a potion of mutation
 h - a potion of invisibility {unknown}
 k - a potion of brilliance {unknown}
 l - 2 potions of might {unknown}


   Skills:
 + Level 2.2 Fighting
 + Level 2.0 Armour
 + Level 4.2 Dodging
 - Level 2.4 Stealth
 + Level 4.7 Spellcasting
 + Level 5.4 Conjurations


You had 11 spell levels left.
You knew the following spells:

 Your Spells              Type           Power      Damage    Failure   Level
a - Magic Dart            Conj           100%       1d8       1%          1
b - Searing Ray           Conj           60%        2d6       3%          2

Your spell library contained the following spells:

 Spells                   Type           Power      Damage    Failure   Level
 Dazzling Flash           Conj/Hex       36%        N/A       19%         3
 Fulminant Prism          Conj/Hex       9%         3d7       54%         4
 Iskenderun's Mystic Bla  Conj/Tloc      18%        2d6       54%         4


Dungeon Overview and Level Annotations

Branches:
Dungeon (3/15)              Sewer (1/1)

Altars:
Nemelex Xobeh


Innate Abilities, Weirdness & Mutations

You are frail. (-10% HP)
You passively map a small area around you.
Your movements are slightly less encumbered by armour. (ER -2)


Message History

The plant is lightly damaged.
You start resting.
A nearby plant withers and dies.
You start resting.
HP restored.
You start resting.
Magic restored.
You see here a jackal corpse.
You see here a rat corpse.
You enter the shallow water.
Moving in this stuff is going to be slow.
n - a scroll labelled VOXAUXE XOUDD A kobold brigand comes into view.
It is wielding a +0 dagger and quivering curare-tipped darts.
The kobold brigand shouts!
The kobold brigand throws a curare-tipped dart.
The curare-tipped dart hits you.
You are poisoned.
You have difficulty breathing.
You feel yourself slow down.
You enter the shallow water.
Moving in this stuff is going to be slow.
You feel very sick.
You feel very sick.
Casting: Searing Ray (safe; 6% risk of failure)
Confirm with . or Enter, or press ? or * to list all spells.
Aiming: Searing Ray (safe; 6% risk of failure)
Press: ? - help, Shift-Dir - straight line, f - kobold brigand
Aim: a kobold brigand, wielding a +0 dagger and quivering curare-tipped darts (74% to hit)
The searing ray hits the kobold brigand!
The kobold brigand is moderately wounded. (Press . to maintain the ray.)
You feel very sick.
It was a potion of mutation.
You feel extremely strange.
You feel frail.
You feel a strange attunement to the structure of the dungeons.
You feel less encumbered by your armour.
You feel sick.
The kobold brigand throws a curare-tipped dart.
The curare-tipped dart hits you.
You are lethally poisoned!
You have difficulty breathing.
You die...

#≈≈≈≈≈≈≈≈≈≈#~#≈≈≈≈≈#≈#≈≈≈≈≈≈≈≈≈≈≈
#≈≈≈≈≈≈≈≈≈≈#~#≈≈≈≈≈#≈#≈≈≈≈≈≈≈≈≈≈≈
##≈≈≈≈≈≈≈≈#~#≈≈≈≈≈#≈#≈≈≈≈≈≈≈≈≈≈≈
###≈≈≈≈≈≈#~#≈≈≈≈≈# #≈≈≈≈≈≈≈≈≈≈≈
#...≈≈≈#~#≈≈≈≈≈# #≈≈≈≈≈≈≈≈≈≈≈
#...~~.#†#.≈≈≈≈#~#≈≈≈≈≈≈≈≈≈≈≈
##...~.#†#PP≈≈≈≈ ≈≈≈~~.~r≈≈≈≈ *
#...~~..PP#########*
*#####P.~..PP~@~K~~~~~ ,
,~~~~~~PP..~..#########
######.P.~~~..≈≈≈≈≈≈ ~
#~~~~.~~≈≈≈≈≈≈≈ ~ #....~~.≈≈≈≈≈≈≈
####.#.≈≈≈≈#≈## #####≈### # * ##


You could see a kobold brigand.

Vanquished Creatures
  2 kobold brigands (Sewer)
  Terence (D:2)
  7 adders
  5 river rats
  3 worms
  2 dart slugs
  2 endoplasms (D:1)
  6 goblins
  4 hobgoblins
  2 jackals (Sewer)
  5 kobolds
  3 quokkas (D:2)
  10 ball pythons
  2 bats
  2 frilled lizards (Sewer)
  24 rats
80 creatures vanquished.

Vanquished Creatures (others)
  5 plants (Sewer)
5 creatures vanquished.

Grand Total: 85 creatures vanquished

Notes
Turn   | Place    | Note
-------+----------+-------------------------------------------
     0 | D:1      | voltaire321 the Deep Elf Conjurer began the quest for the
                  | Orb.
     0 | D:1      | Reached XP level 1. HP: 10/10 MP: 6/6
   396 | D:1      | Reached XP level 2. HP: 16/16 MP: 6/8
   493 | D:1      | Learned a level 2 spell: Searing Ray
  1028 | D:2      | Reached XP level 3. HP: 20/20 MP: 2/9
  1526 | D:2      | Noticed Terence
  1546 | D:2      | Killed Terence
  1547 | D:2      | Reached skill level 1 in Fighting
  1547 | D:2      | Reached skill level 1 in Armour
  1547 | D:2      | Reached XP level 4. HP: 15/25 MP: 2/11
  1640 | D:2      | Found a sparkling altar of Nemelex Xobeh.
  2334 | D:3      | Found a glowing drain.
  2442 | Sewer    | Entered a sewer
  2457 | Sewer    | Reached skill level 5 in Conjurations
  2514 | Sewer    | Reached XP level 5. HP: 29/29 MP: 10/13
  3044 | Sewer    | Reached XP level 6. HP: 35/35 MP: 10/14
  3180 | Sewer    | Gained mutation: You are frail. (-10% HP) [potion of
                  | mutation]
  3180 | Sewer    | Gained mutation: You passively map a small area around you.
                  | [potion of mutation]
  3180 | Sewer    | Gained mutation: Your movements are slightly less
                  | encumbered by armour. (ER -2) [potion of mutation]
  3180 | Sewer    | Asphyxiated

Illustrated notes

Levels and vault maps discovered:
D:1:      nicolae_arrival_memento_mori, layout_loops_corners
D:2:      layout_basic, basic_altar, minmay_rat_hole, uniq_terence
D:3:      layout_loops_corners, gammafunk_ghost_abyssal_escape,
          portal_sewer_entry_a, shapermc_ecumenical_altar_petra
Sewer:    sewer_co_scattered_pipes

Skill      XL: |  1  2  3  4  5  6 |
---------------+-------------------+-----
Dodging        | 3 4 |  4.2
Fighting       | 1 2 |  2.2
Armour         | 1 2 |  2.0
Spellcasting   | 4 |  4.7
Conjurations   | 5 |  5.4
Stealth        | |  2.4

Action                     |  1- 3 |  4- 6 || total
---------------------------+-------+-------++-------
  Melee: Dagger            |     1 |       ||     1
         Short sword       |       |    40 ||    40
   Cast: Magic Dart        |    58 |    46 ||   104
         Searing Ray       |     4 |     9 ||    13
    Use: Potion            |       |     1 ||     1
 Armour: Ring mail         |     2 |    20 ||    22
  Dodge: Dodged            |     2 |    21 ||    23

Table legend: (Time is in decaauts)
 A = Elapsed time spent in this place.
 B = Non-inter-level travel time spent in this place.
 C = Inter-level travel time spent in this place.
 D = Time resting spent in this place.
 E = Time spent auto-exploring this place.
 F = Levels seen in this place.
 G = Mean time per level.
                   A        B        C        D        E       F      G
               +--------+--------+--------+--------+--------+-----+--------+
         Total |   3253 |   3181 |     72 |    714 |   1860 |   4 |  813.2 |
       Dungeon |   2441 |   2369 |     72 |    415 |   1534 |   3 |  813.7 |
         Sewer |    812 |    812 |      0 |    299 |    326 |   1 |  812.0 |
               +--------+--------+--------+--------+--------+-----+--------+

Top non-repeatable levels by time:
     D:2: 1340 daAuts
     D:1: 992 daAuts
   Sewer: 812 daAuts
     D:3: 108 daAuts
